 Dungeon Crawl Stone Soup version 0.18.1-5-g4a78601 (webtiles) character file.

126 Mefis the Magician (level 4, -1/24 HPs)
             Began as a Deep Elf Wizard on May 15, 2016.
             Slain by a gnoll
             ... wielding a +0 whip
              (13 damage)
             ... on level 2 of the Dungeon.
             The game lasted 00:05:05 (2422 turns).

Mefis the Magician (Deep Elf Wizard)                Turns: 2422, Time: 00:05:06

Health: -1/24      AC:  2    Str:  4    XL:     4   Next: 84%
Magic:  6/13       EV: 13    Int: 24    God:
Gold:   42         SH:  0    Dex: 13    Spells: 5 memorised, 3 levels left

rFire  . . .     SeeInvis .     f - +0 dagger
rCold  . . .     Gourm    .     a - +0 robe
rNeg   . . .     Faith    .     (no shield)
rPois  .         Spirit   .     b - +0 hat
rElec  .         Dismiss  .     (no cloak)
rCorr  +         Reflect  .     (no gloves)
SustAt .         Harm     .     (no boots)
MR     .....                    (no amulet)
Stlth  ++........               (no ring)
                                h - ring of resist corrosion

@: repel missiles, not resistant to hostile enchantments, unstealthy
A: no striking features
a: no special abilities


You were on level 2 of the Dungeon.
You were hungry.

You visited 1 branch of the dungeon, and saw 2 of its levels.

You collected 42 gold pieces.

Inventory:

Hand Weapons
 f - a +0 dagger (weapon)
 i - a +6 spear
Missiles
 j - 5 tomahawks of returning (quivered)
Armour
 a - a +0 robe (worn)
 b - a +0 hat (worn)
Jewellery
 h - a ring of resist corrosion (left hand)
Wands
 o - a wand of acid (9/15)
Scrolls
 k - a scroll of blinking {unknown}
Potions
 e - a potion of ambrosia {unknown}
 g - a potion of magic {unknown}
 l - 2 potions of curing {unknown}
 m - a potion of berserk rage {unknown}
 n - a potion of brilliance {unknown}
Books
 c - a book of Minor Magic

   Spells                             Type                      Level
   a - Magic Dart                     Conjuration                  1
   b - Blink                          Translocation                2
   c - Call Imp                       Summoning                    2
   d - Repel Missiles                 Charms/Air                   2
   e - Slow                           Hexes                        2
   f - Conjure Flame                  Conjuration/Fire             3
   g - Mephitic Cloud                 Conjuration/Poison/Air       3
Comestibles
 d - 2 bread rations
 p - a royal jelly


   Skills:
 + Level 2.8 Dodging
 + Level 3.3 Stealth
 + Level 5.1 Spellcasting
 * Level 3.4 Conjurations
 + Level 2.1 Summonings
 - Level 1.1 Translocations
 + Level 0.7 Poison Magic


You had 3 spell levels left.
You knew the following spells:

 Your Spells              Type           Power        Failure   Level  Hunger
a - Magic Dart            Conj           ###.         1%          1    None
b - Call Imp              Summ           ###.....     8%          2    None
c - Blink                 Tloc           N/A          12%         2    None
d - Repel Missiles        Chrm/Air       #.....       14%         2    None
e - Mephitic Cloud        Conj/Pois/Air  ##......     17%         3    ##.....


Dungeon Overview and Level Annotations

Branches:
Dungeon (2/15)

Altars:


Message History

The gnoll is lightly wounded.
The gnoll hits you with a whip!
Casting: Magic Dart
Confirm with . or Enter, or press ? or * to list all spells.
Aiming: Magic Dart
Press: ? - help, Shift-Dir - straight line, f/p - gnoll
Aim: a gnoll, wielding a whip (lightly wounded)
The magic dart hits the gnoll.
The gnoll is lightly wounded.
The gnoll drinks a potion.
The gnoll seems to grow stronger.
Casting: Magic Dart
Confirm with . or Enter, or press ? or * to list all spells.
Aiming: Magic Dart
Press: ? - help, Shift-Dir - straight line, f/p - gnoll
Aim: a gnoll, wielding a whip (lightly wounded, unusually strong)
The magic dart hits the gnoll.
The gnoll is moderately wounded.
The gnoll hits you with a whip!
Ouch! That really hurt!
You die...

##.†....## #.......# ##........##
#.......# #..........# #.......#
### #..........#
#.......#######.. #..........#
#...............# #..........#
#.......#.......#
#..........###.......#.......#
##...........#gg.....#.......#
#..........#.@.......#.......#
#..........#####...###.......#
#..........# ##...#........#
####..........# ##...........#
..............# ##..........#
.............## ##........##
............##########.........##
.......###### #.....##...........
.......### #.....#........#.##


You could see 2 gnolls.

Vanquished Creatures
  4 gnolls (D:2)
  2 adders (D:2)
  An ooze (D:1)
  2 worms (D:2)
  3 dart slugs
  5 bats
  3 giant cockroaches
  5 hobgoblins
  10 jackals
  A ball python (D:1)
  3 giant newts (D:1)
  7 goblins
  A kobold (D:2)
  8 rats
55 creatures vanquished.

Vanquished Creatures (collateral kills)
  A jackal (D:1)
1 creature vanquished.

Grand Total: 56 creatures vanquished

Notes
Turn   | Place    | Note
--------------------------------------------------------------
     0 | D:1      | Mefis the Deep Elf Wizard began the quest for the Orb.
     0 | D:1      | Reached XP level 1. HP: 10/10 MP: 7/7
   199 | D:1      | Reached XP level 2. HP: 15/15 MP: 7/9
   220 | D:1      | Learned a level 2 spell: Call Imp
   223 | D:1      | Learned a level 2 spell: Blink
   226 | D:1      | Learned a level 2 spell: Repel Missiles
   948 | D:1      | Reached XP level 3. HP: 17/19 MP: 3/11
   954 | D:1      | Learned a level 3 spell: Mephitic Cloud
  1686 | D:2      | Reached XP level 4. HP: 23/24 MP: 3/12
  1891 | D:2      | Reached skill level 5 in Spellcasting
  2422 | D:2      | Slain by a gnoll

Skill      XL: |  1  2  3  4 |
---------------+-------------+-----
Conjurations   | 2 3 |  3.4
Stealth        | 3 |  3.3
Summonings     | 2 |  2.1
Spellcasting   | 5 |  5.1
Dodging        | |  2.8
Translocations | |  1.1
Poison Magic   | |  0.7

Action                   |  1- 3 |  4- 6 || total
-------------------------+-------+-------++-------
Melee: Dagger            |    11 |     9 ||    20
 Cast: Magic Dart        |    85 |    59 ||   144
       Repel Missiles    |     1 |     1 ||     2
       Call Imp          |     1 |       ||     1
       Mephitic Cloud    |     3 |       ||     3
 Stab: Confused          |     2 |       ||     2
  Eat: Chunk             |     2 |     2 ||     4
Armor: Robe              |     6 |     2 ||     8
Dodge: Dodged            |    28 |     5 ||    33
       Deflected         |     3 |       ||     3
